 Dungeon Crawl Stone Soup version 0.25-a0-578-gc91f01c (webtiles) character file.

Game seed: 13023011187242264002, levelgen mode: deterministic

19 15 the Caller (level 2, 20/20 HPs)
             Began as a Merfolk Summoner on Mar 3, 2020.
             Got out of the dungeon alive.
             The game lasted 00:03:21 (1083 turns).

15 the Caller (Merfolk Summoner)                    Turns: 1083, Time: 00:03:21

Health: 20/20      AC:  2    Str:  8    XL:     2   Next: 75%
Magic:  5/5        EV: 13    Int: 14    God:
Gold:   50         SH:  0    Dex: 14    Spells: 4/5 levels left

rFire    . . .     SeeInvis .   e - +0 dagger
rCold    . . .     Gourm    .   (no shield)
rNeg     . . .     Faith    .   a - +0 robe
rPois    .         Spirit   .   (no helmet)
rElec    .         Reflect  .   (no cloak)
rCorr    .         Harm     .   (no gloves)
MR       .....                  (no boots)
Stlth    ++........             (no amulet)
HPRegen  0.06/turn              (no ring)
MPRegen  0.09/turn              (no ring)

@: no status effects
A: change form in water, swift swim, stealthy swim
a: no special abilities


You escaped.
You were not hungry.

You visited 1 branch of the dungeon, and saw 1 of its levels.

You collected 50 gold pieces.

Inventory:

Hand Weapons
 e - a +0 dagger (weapon)
Armour
 a - a +0 robe (worn)
Scrolls
 b - a scroll of magic mapping {unknown}
 g - a scroll of identify {unknown}
 i - a scroll of enchant armour {unknown}
 j - a scroll of teleportation {unknown}
Potions
 d - a potion of flight {unknown}
 h - a potion of magic {unknown}
Comestibles
 c - 2 rations


   Skills:
 * Level 0.7 Fighting
 * Level 0.4 Short Blades
 * Level 0.1 Armour
 * Level 2.7 Dodging
 + Level 2.1 Stealth
 * Level 2.3 Spellcasting
 * Level 4.2 Summonings


You had 4 spell levels left.
You knew the following spells:

 Your Spells              Type           Power        Failure   Level  Hunger
a - Summon Small Mammal   Summ           ##..         4%          1    #......

Your spell library contained the following spells:

 Spells                   Type           Power        Failure   Level  Hunger
 Call Imp                 Summ           ##......     6%          2    ###....
 Call Canine Familiar     Summ           ##......     12%         3    ###....
 Summon Guardian Golem    Hex/Summ       #.......     28%         3    ###....
 Summon Ice Beast         Ice/Summ       #.......     67%         4    #####..
 Summon Lightning Spire   Summ/Air       #.......     67%         4    #####..


Dungeon Overview and Level Annotations

Branches:
Dungeon (1/15)

Altars:


Message History

Your bat hits the hobgoblin. Your bat misses the hobgoblin.
Your bat hits the hobgoblin but does no damage.
Your bat misses the hobgoblin. The hobgoblin barely misses your bat.
Your bat hits the hobgoblin.
Your bat hits the hobgoblin but does no damage. x2
Your bat barely misses the hobgoblin.
Your bat closely misses the hobgoblin.
The hobgoblin hits your bat with a +0 club.
Your bat dies!
Your bat's corpse disappears in a puff of smoke!
You hit the hobgoblin.
You kill the hobgoblin!
You see here a +0 club.
Your bat disappears in a puff of smoke!
There is an open door here.
Unknown command.
All of the chunks of flesh in your inventory have rotted away.
There is a staircase leading out of the dungeon here.
You can't go down here!
Are you sure you want to leave the Dungeon?
This will make you lose the game!
You have escaped!

#.##.........# #...
..##....####.# #...
.###....# #.# ##...
.+.....## #.# #....
.#####.# #.# #.... .#
#######.####### #....
.# #.......#.....#
#.... .#
#####.#.#.###.# #....
.# #.....#.#.#@#.#
#.... .#
#.#####.#.#.#.# #....
## #.#...#.#.#...#
#####
######.#.#.#.#.#####
....##.#.#.#.......#
....##.#.#.#.#########
....##.#.#.#.........#
######
....##.#.#.#.#######.#
##.....
....##.#.#.#.......#.#
#......


There were no monsters in sight!

Vanquished Creatures
  2 giant cockroaches (D:1)
  2 hobgoblins (D:1)
  A ball python (D:1)
  A bat (D:1)
  A goblin (D:1)
7 creatures vanquished.

Vanquished Creatures (collateral kills)
  2 dart slugs (D:1)
  A leopard gecko (D:1)
  A bat (D:1)
  2 giant cockroaches (D:1)
  A goblin (D:1)
  A hobgoblin (D:1)
  3 kobolds (D:1)
11 creatures vanquished.

Grand Total: 18 creatures vanquished

Notes
Turn   | Place    | Note
-------+----------+-------------------------------------------
     0 | D:1      | 15 the Merfolk Summoner began the quest for the Orb.
     0 | D:1      | Reached XP level 1. HP: 13/13 MP: 3/3
   430 | D:1      | Reached XP level 2. HP: 11/20 MP: 3/5
  1083 | D:$      | Got out of the dungeon alive.

Levels and vault maps discovered:
D:1:      matt_arrival_spirals, layout_basic

Action                   || total
-------------------------++-------
Melee: Unarmed           ||     9
       Club              ||     6
       Dagger            ||    28
 Cast: Summon Small Mamm ||    26
 Stab: Sleeping          ||     2
       Distracted        ||     1
  Eat: Chunk             ||     1
Armor: Robe              ||    12
Dodge: Dodged            ||    50

Table legend:
 A = Non-vault XP
 B = Vault XP
 C = Vault XP percentage of total XP
 D = Non-vault monster count
 E = Vault monster count
 F = Vault count percentage of total count
                 A         B        C        D         E       F
            +---------+---------+-------+---------+---------+-------
      Total |      28 |       0 |   0.0 |      18 |       0 |   0.0
            +---------+---------+-------+---------+---------+-------
        D:1 |      28 |       0 |   0.0 |      18 |       0 |   0.0
            +---------+---------+-------+---------+---------+-------
